cohdb
Replays
Latest Replays
All Replays
Popular Replays
Top Player Replays
Match Explorer
How It Works
Community
CoH3 Stats
Reddit
Sign in to upload your games and track your stats! →
Sign in with Steam
Match 39828799
Unlisted
Match 39828799
Overview
Messages
Build Orders
End
Scout Squad
Construct Weapon Support Center
M1919 Machine Gun Team
M1919 Machine Gun Team
Sniper
Infantry Support Center
M3 Armored Personnel Carrier
Selects Heavy Weapons
Selects Assault Carriers
Construct Medical Station
Bazooka Squad
Engineer Squad
Construct Barracks
Selects M2HB .50cal Heavy Machine Gun
Sniper
Riflemen Squad
Advanced Logistics
Grenade Package
Riflemen Squad
Survival Training
Improved M9 Bazooka Rockets
M1918 Browning Automatic Rifles
Selects Rapid Reposition
Selects Bolstered Team Weapons
Riflemen Squad
Benzino Napaloni
Modus
Microsoft Outlook
deadsadbadmad
0
0
Comments
sign in to comment!
No comments posted yet!